 Dungeon Crawl Stone Soup version 0.18.1-47-g9310371 (webtiles) character file.

60 Caphalor the Conjurer (level 3, -5/19 HPs)
             Began as a Deep Elf Conjurer on June 21, 2016.
             Slain by a gnoll (7 damage)
             ... on level 1 of the Dungeon.
             The game lasted 00:16:15 (1313 turns).

Caphalor the Conjurer (Deep Elf Conjurer)           Turns: 1313, Time: 00:16:16

Health: -5/19      AC:  3    Str:  6    XL:     3   Next: 82%
Magic:  7/9        EV: 13    Int: 19    God:
Gold:   0          SH:  0    Dex: 15    Spells: 2 memorised, 5 levels left

rFire  . . .     SeeInvis .     f - +1 short sword (drain)
rCold  . . .     Gourm    .     a - +1 robe
rNeg   . . .     Faith    .     (no shield)
rPois  .         Spirit   .     (no helmet)
rElec  .         Dismiss  .     (no cloak)
rCorr  .         Reflect  .     (no gloves)
SustAt .         Harm     .     (no boots)
MR     .....                    (no amulet)
Stlth  ++........               (no ring)
                                (no ring)

@: not resistant to hostile enchantments, unstealthy
A: no striking features
a: no special abilities


You were on level 1 of the Dungeon.
You were not hungry.

You visited 1 branch of the dungeon, and saw 2 of its levels.

Inventory:

Hand Weapons
 f - a +1 short sword of draining (weapon)
Armour
 a - a +1 robe (worn)
Scrolls
 d - 2 scrolls of enchant armour
 j - a scroll of recharging {unknown}
 l - a scroll of remove curse {unknown}
Potions
 e - a potion of curing {unknown}
 g - a potion of brilliance {unknown}
 h - a potion of lignification {unknown}
 m - a potion of berserk rage {unknown}
Books
 b - a book of Conjurations

   Spells                             Type                      Level
   a - Magic Dart                     Conjuration                  1
   b - Searing Ray                    Conjuration                  2
   c - Dazzling Spray                 Conjuration/Hexes            3
   d - Fulminant Prism                Conjuration/Hexes            4
   e - Iskenderun's Mystic Blast      Conjuration                  4
   f - Iskenderun's Battlesphere      Conjuration/Charms           5
Comestibles
 c - a bread ration
 k - a meat ration


   Skills:
 - Level 2.4 Dodging
 - Level 2.4 Stealth
 - Level 3.0 Spellcasting
 + Level 6.0 Conjurations


You had 5 spell levels left.
You knew the following spells:

 Your Spells              Type           Power        Failure   Level  Hunger
a - Magic Dart            Conj           ####         1%          1    None
b - Searing Ray           Conj           ####..       1%          2    ##.....


Dungeon Overview and Level Annotations

Branches:
Dungeon (2/15)

Altars:


Message History

You climb upwards.
There is a stone staircase leading down here.
Casting: Magic Dart
Confirm with . or Enter, or press ? or * to list all spells.
Aiming: Magic Dart
Press: ? - help, Shift-Dir - straight line, f - gnoll
Aim: a gnoll The magic dart hits the gnoll.
The gnoll is moderately wounded.
The gnoll misses you. The gnoll hits you.
* * * LOW HITPOINT WARNING * * *
Casting: Magic Dart
Confirm with . or Enter, or press ? or * to list all spells.
Aiming: Magic Dart
Press: ? - help, Shift-Dir - straight line, f/p - gnoll
Aim: a gnoll (moderately wounded)
The magic dart hits the gnoll.
The gnoll is heavily wounded.
The gnoll hits you!
You die...

#.###.# #.#####.#####...##.(.
#.....# #.#####..# #...###.##
####### #.....#..###...# #.##
....##########....#..##....#
#.##
......#.....##.#.###.....###
#.## ###.#.#.....##.#.###.....#
#... ##....#............#.<.###
#... #.....#.....##.#g..##...##
#...
##....#.....##..@...#.#..##
#.##
....).########..g...#.#...# #.#
##.....## #......#..##.# #>#
#.......# ###....#..##.## #.#
#.......# #....##.....###.#
#.......# ####.###...#..).##
##.....##
########..####.###.... ##...##
#........###.### #....
##.#######.#####.###.######....


You could see 2 gnolls.

Vanquished Creatures
  2 gnolls (D:2)
  An adder (D:1)
  An ooze (D:1)
  A dart slug (D:2)
  4 bats
  2 giant cockroaches (D:1)
  3 hobgoblins (D:1)
  A ball python (D:1)
  3 goblins
  8 kobolds
  4 rats (D:1)
30 creatures vanquished.

Notes
Turn   | Place    | Note
--------------------------------------------------------------
     0 | D:1      | Caphalor the Deep Elf Conjurer began the quest for the Orb.
     0 | D:1      | Reached XP level 1. HP: 10/10 MP: 6/6
   217 | D:1      | Reached XP level 2. HP: 15/15 MP: 4/8
   323 | D:1      | Learned a level 2 spell: Searing Ray
   344 | D:1      | Reached skill level 5 in Conjurations
   707 | D:1      | Reached XP level 3. HP: 9/19 MP: 6/9
  1223 | D:2      | Reached skill level 6 in Conjurations
  1313 | D:1      | Slain by a gnoll

Skill      XL: |  1  2  3 |
---------------+----------+-----
Conjurations   | 5 6 |  6.0
Dodging        | |  2.4
Stealth        | |  2.4
Spellcasting   | |  3.0

Action                   || total
-------------------------++-------
Melee: Short sword       ||     6
 Cast: Magic Dart        ||    58
  Use: Scroll            ||     1
 Stab: Sleeping          ||     1
  Eat: Chunk             ||     1
Armor: Robe              ||     6
Dodge: Dodged            ||    20
